 Dungeon Crawl Stone Soup version 0.29-a0-284-gf9362112df (webtiles) character file.

Game seed: 15874267683626659463

46 sammy202020 the Shield-Bearer (level 3, -6/33 HPs)
             Began as a Minotaur Fighter on Mar 21, 2022.
             Mangled by a gnoll
             ... wielding a +1 vorpal flail
              (9 damage)
             ... on level 2 of the Dungeon.
             The game lasted 00:02:09 (819 turns).

sammy202020 the Shield-Bearer (Minotaur Fighter)     Turns: 819, Time: 00:02:10

Health: -6/33      AC:  7    Str: 20    XL:     3   Next: 44%
Magic:  2/2        EV:  9    Int:  7    God:
Gold:   30         SH:  4    Dex:  9    Spells: 2/2 levels left

rFire   . . .      SeeInvis .   a - +0 war axe
rCold   . . .      Faith    .   c - +0 buckler
rNeg    . . .      Spirit   .   b - +0 scale mail
rPois   .          Reflect  .   (helmet restricted)
rElec   .          Harm     .   (no cloak)
rCorr   .          Rampage  .   (no gloves)
Will    .....                   (no boots)
Stlth   ..........              (no amulet)
HPRegen 0.11/turn               (no ring)
MPRegen 0.08/turn               (no ring)

@: mighty
A: horns 2, retaliatory headbutt
a: no special abilities


You were on level 2 of the Dungeon.
You visited 1 branch of the dungeon, and saw 2 of its levels.

You collected 30 gold pieces.

Inventory:

Hand Weapons
 a - a +0 war axe (weapon)
Missiles
 i - 4 poisoned darts (quivered)
Armour
 b - a +0 scale mail (worn)
 c - a +0 buckler (worn)
Scrolls
 e - 2 scrolls of identify {unknown}
 g - a scroll of torment {unknown}
 j - a scroll of enchant armour {unknown}
Potions
 f - a potion of cancellation {unknown}
 h - a potion of flight {unknown}
 k - 2 potions of experience {unknown}


   Skills:
 * Level 4.1 Fighting
 * Level 3.1 Axes
 * Level 4.1 Armour
 + Level 0.7 Dodging
 * Level 4.1 Shields


You had 2 spell levels left.
You didn't know any spells.
Your spell library was empty.

Dungeon Overview and Level Annotations

Branches:
Dungeon (2/15)

Altars:


Innate Abilities, Weirdness & Mutations

You have a pair of horns on your head.
You reflexively headbutt those who attack you in melee.


Message History

The hobgoblin hits you but does no damage.
You slash the hobgoblin!
You kill the hobgoblin!
A gnoll comes into view. It is wielding a +0 halberd.
A gnoll comes into view. It is wielding a +0 whip of venom.
The gnoll shouts!
A gnoll comes into view. It is wielding a +1 vorpal flail.
The gnoll shouts!
The gnoll hits you from afar with a +0 halberd.
The gnoll hits you with a +0 halberd!
The gnoll hits you with a +0 whip of venom.
You are too injured to fight recklessly!
You are too injured to fight recklessly!
You are too injured to fight recklessly!
You are too injured to fight recklessly!
You are too injured to fight recklessly!
You are too injured to fight recklessly!
There are monsters nearby!
Sorry, you're not good enough to have a special ability.
You feel very mighty all of a sudden. The gnoll closely misses you.
You closely miss the gnoll. You barely miss the gnoll.
The gnoll hits you with a +0 halberd.
* * * LOW HITPOINT WARNING * * *
You hit the gnoll. Your headbutt misses the gnoll.
The gnoll is heavily wounded.
You barely miss the gnoll. The gnoll hits you with a +0 halberd.
* * * LOW HITPOINT WARNING * * *
You block the gnoll's attack. x2; The gnoll barely misses you.
You slash the gnoll!
You kill the gnoll!
You barely miss the gnoll. You hit the gnoll.
The gnoll hits you with a +1 vorpal flail.
* * * LOW HITPOINT WARNING * * *
x2 The gnoll closely misses you.
You closely miss the gnoll.
The gnoll is heavily wounded.
You barely miss the gnoll.
The gnoll hits you with a +1 vorpal flail!
You die...

#....$...############
###........##.........#
..#........##.........#
......................#
#.........#..........#
#...>.....##.........#
#.........##.........#.
#.........##...........
##....@)..##........♣♣♣
##...gg####.......♣♣
###.#.# #####..♣♣ #.#.#
#..♣♣ #. .. #.♣♣ #. #..
#.♣ #. <.#####.♣♣ #.
#........♣♣
#..###.#..♣♣


You could see 2 gnolls.

Vanquished Creatures
  A gnoll (D:2)
  2 dart slugs (D:1)
  5 endoplasms (D:1)
  3 giant cockroaches
  2 hobgoblins
  4 jackals (D:1)
  A quokka (D:1)
  A bat (D:1)
  2 frilled lizards (D:1)
  3 goblins (D:1)
  3 kobolds (D:1)
  A rat (D:1)
28 creatures vanquished.

Notes
Turn   | Place    | Note
-------+----------+-------------------------------------------
     0 | D:1      | sammy202020 the Minotaur Fighter began the quest for the
                  | Orb.
     0 | D:1      | Reached XP level 1. HP: 19/19 MP: 0/0
   169 | D:1      | Reached XP level 2. HP: 27/27 MP: 1/1
   622 | D:1      | Reached XP level 3. HP: 33/33 MP: 2/2
   819 | D:2      | Mangled by a gnoll

Illustrated notes

Levels and vault maps discovered:
D:1:      scummos_arrival_simple_fountains, layout_basic, serial_corexii_hall,
          corexii_hall_statues_i, corexii_hall_statues_i
D:2:      layout_rooms, dilly_ecumenical_altar_fadedgnrine, basic_altar

Skill      XL: |  1  2 |
---------------+-------+-----
Shields        | 4 |  4.1
Axes           | 3 |  3.1
Armour         | 4 |  4.1
Fighting       | 4 |  4.1
Dodging        | |  0.7

Action                   || total
-------------------------++-------
Melee: War axe           ||    59
       Headbutt          ||     7
  Use: Scroll            ||     1
       Potion            ||     1
Armor: Scale mail        ||    24
Dodge: Dodged            ||    45
Block: Buckler           ||    14

Table legend: (Time is in decaauts)
 A = Elapsed time spent in this place.
 B = Non-inter-level travel time spent in this place.
 C = Inter-level travel time spent in this place.
 D = Time resting spent in this place.
 E = Time spent auto-exploring this place.
 F = Levels seen in this place.
 G = Mean time per level.
                   A        B        C        D        E       F      G
               +--------+--------+--------+--------+--------+-----+--------+
         Total |    842 |    842 |      0 |      0 |    644 |   2 |  421.0 |
       Dungeon |    842 |    842 |      0 |      0 |    644 |   2 |  421.0 |
               +--------+--------+--------+--------+--------+-----+--------+

Top non-repeatable levels by time:
     D:1: 790 daAuts
     D:2: 51 daAuts
